 Dungeon Crawl Stone Soup version 0.30.0-10-gfe55d96785 (webtiles) character file.

Game seed: 9721332582094218607

88 trckry the Slasher (level 4, 0/35 HPs)
             Began as a Djinni Fighter on May 13, 2023.
             Was a Believer of Ru.
             Slain by an iguana (4 damage)
             ... on level 3 of the Dungeon.
             The game lasted 00:03:31 (2119 turns).

trckry the Slasher (Djinni Fighter)                 Turns: 2119, Time: 00:03:31

Health: 0/35       AC: 10    Str: 15    XL:     4   Next: 81%
Gold:   121        EV:  8    Int: 11    God:    Ru [**....] SH:  5 Dex: 13

rFire   + . .        a - +0 long sword
rCold   x x .        g - +1 buckler {rPois}
rNeg    . . .        b - +0 scale mail
rPois   ∞            (no helmet)
rElec   .            (no cloak)
rCorr   .            (no gloves)
SInv    .            (boots unavailable)
Will    .....        (no amulet) Stlth
                     h - +4 ring of protection
HPRegen 0.25/turn    (no ring)
MPRegen 0.00/turn

%: infuse magic (-1 HP)
@: flying
A: sickness immunity, fire resistance 2, cold vulnerability 1, temperature
sensitive, float, innate caster, HP casting, extra vitality 1
a: Renounce Religion


You were on level 3 of the Dungeon.
You worshipped Ru.
Ru was pleased with you.
You visited 1 branch of the dungeon, and saw 3 of its levels.

You collected 121 gold pieces.

Inventory:

Hand Weapons
 a - a +0 long sword (weapon)
Armour
 b - a +0 scale mail (worn)
 g - a +1 buckler of poison resistance (worn)
Jewellery
 h - a +4 ring of protection (left hand)
Scrolls
 e - a scroll of enchant weapon {unknown}
 i - 2 scrolls of identify {unknown}
 j - a scroll of poison {unknown}
 l - a scroll of torment {unknown}
Potions
 c - a potion of heal wounds {unknown}
 d - a potion of might
 f - a potion of mutation {unknown}
 k - a potion of haste {unknown}
 m - 2 potions of lignification {unknown}


   Skills:
 - Level 3.0 Fighting
 * Level 3.2 Long Blades
 - Level 3.0 Armour
 - Level 3.0 Shields
 * Level 2.0 Spellcasting


You knew the following spells:

 Your Spells              Type           Power      Damage    Failure   Level
a - Sandblast             Erth           10%        2d5       54%         1
Your spell library was empty.

Dungeon Overview and Level Annotations

Branches:
Dungeon (3/15) Zot: 15829

Altars:
Ru


Innate Abilities, Weirdness & Mutations

You are immune to sickness and miasma.
You are immune to poison.
Your flesh is very heat resistant. (rF++)
You are vulnerable to cold. (rC-)
You are sensitive to extremes of temperature. (rF-, rC-)
You float through the air rather than walking.
You learn spells naturally, not from books.
Your magical power is your life essence.
You have superior vitality. (+4 MHP)


Message History

The iguana is moderately wounded.
The iguana bites you!
You take 8 damage, and have 25/35 hp.
MASSIVE DAMAGE!!
You barely miss the iguana.
The iguana is moderately wounded.
The iguana barely misses you.
You barely miss the iguana.
The iguana is moderately wounded.
The iguana bites you. The iguana barely misses you.
You take 4 damage, and have 21/35 hp.
You completely miss the iguana.
The iguana is moderately wounded.
The iguana bites you but does no damage.
You closely miss the iguana.
The iguana is moderately wounded.
The iguana bites you but does no damage.
You slash the iguana!
The iguana is almost dead.
The iguana bites you! The iguana bites you.
* * * LOW HITPOINT WARNING * * *
You take 14 damage, and have 7/35 hp.
MASSIVE DAMAGE!!
You closely miss the iguana.
The iguana is almost dead.
The iguana bites you.
* * * LOW HITPOINT WARNING * * *
You take 2 damage, and have 5/35 hp.
The iguana attacks as you move away! You block the iguana's attack.
You closely miss the iguana.
The iguana is almost dead.
The iguana bites you.
* * * LOW HITPOINT WARNING * * *
You take 1 damage, and have 4/35 hp.
You closely miss the iguana.
The iguana is almost dead.
You block the iguana's attack.
You hit the iguana.
The iguana is almost dead.
The iguana bites you but does no damage.
The iguana bites you.
You die...

..# #..#.# ..# #..#.# ..# #. #
#..#.# #.# #. #(######..#.#####
#.## #. #.#..............
...####### #. #..(.....†.######
.#.>.....# #.####.####)#.##
...###.#.#####.#............#
.#####.#.#.....#@##.#####.#.###
...............l.##.###...#...#
.#####.#.#.########.....#####.#
.# #......###...#...# ##
#.####.# # #.#.### . #.# #.#
#...# ... #.# #.# ##.##
#...###.####.## #..#
#.............# #..#


You could see an iguana.

Vanquished Creatures
  4 adders (D:2)
  A dart slug (D:1)
  8 endoplasms
  3 giant cockroaches
  3 goblins
  6 hobgoblins
  4 jackals (D:1)
  2 quokkas
  4 ball pythons
  3 bats
  2 frilled lizards (D:1)
  2 kobolds
  3 rats
45 creatures vanquished.

Notes
Turn   | Place    | Note
-------+----------+-------------------------------------------
     0 | D:1      | trckry the Djinni Fighter began the quest for the Orb.
     0 | D:1      | Reached XP level 1. HP: 20/20 MP: 0/0
   229 | D:1      | Reached XP level 2. HP: 25/25 MP: 0/0
   458 | D:1      | Reached skill level 1 in Spellcasting
   466 | D:1      | Reached XP level 3. HP: 29/30 MP: 0/0
   466 | D:1      | Learned a level 1 spell: Sandblast
  1300 | D:2      | Reached XP level 4. HP: 35/35 MP: 0/0
  1813 | D:3      | Found a faded altar of an unknown god.
  1850 | D:3      | Prayed at the altar of an unknown god.
  1850 | D:3      | Became a worshipper of Ru the Awakened
  1867 | D:3      | Gained mutation: You are sensitive to extremes of
                  | temperature. (rF-, rC-) [Ru sacrifice]
  1867 | D:3      | Reached * piety under Ru
  1867 | D:3      | Reached ** piety under Ru
  2115 | D:3      | HP: 5/35 [iguana (2)]
  2119 | D:3      | Slain by an iguana

Illustrated notes

Levels and vault maps discovered:
D:1:      eino_arrival_druids_welcome, layout_loops_corners
D:2:      layout_loops_ring, grunt_decor_clamped, lightli_corner_chamber
D:3:      layout_loops_ring, nicolae_ecumenical_lake_church,
          minmay_statues_item, minmay_quantized

Skill      XL: |  1  2  3  4 |
---------------+-------------+-----
Long Blades    | 2 3 |  3.2
Spellcasting   | 1 2 |  2.0
Fighting       | |  3.0
Armour         | |  3.0
Shields        | |  3.0

Action                     |  1- 3 |  4- 6 || total
---------------------------+-------+-------++-------
  Melee: Long sword        |    98 |    73 ||   171
 Invoke: Sacrifice Resista |       |     1 ||     1
 Armour: Scale mail        |    50 |    35 ||    85
  Dodge: Dodged            |    30 |    19 ||    49
  Block: Buckler           |    30 |    23 ||    53
